 Dungeon Crawl Stone Soup version 0.20.0-15-g7f486f2 (webtiles) character file.

815 Deathclocker the Conjurer (level 7, 0/36 HPs)
             Began as a Deep Elf Fire Elementalist on June 10, 2017.
             Slain by Prince Ribbit (8 damage)
             ... on level 5 of the Dungeon.
             The game lasted 00:07:25 (3110 turns).

Deathclocker the Conjurer (DEFE)                    Turns: 3110, Time: 00:07:26

Health: 0/36       AC:  3    Str:  5    XL:     7   Next: 62%
Magic:  20/27      EV: 13    Int: 22    God:
Gold:   293        SH:  0    Dex: 15    Spells: 5/18 levels left

rFire    + . .     SeeInvis .   q - +3 quarterstaff (chaos)
rCold    x . .     Gourm    .   (shield currently unavailable)
rNeg     . . .     Faith    .   a - +0 robe
rPois    .         Spirit   .   (no helmet)
rElec    .         Reflect  .   u - +0 cloak
rCorr    .         Harm     .   (no gloves)
MR       .....                  (no boots)
Stlth    ++........             (no amulet)
Regen    0.2/turn               l - ring of magical power
MPRegen  0.2/turn               w - ring of fire

@: no status effects
A: no striking features
a: no special abilities


You were on level 5 of the Dungeon.
You were not hungry.

You visited 1 branch of the dungeon, and saw 5 of its levels.

You collected 293 gold pieces.

Inventory:

Hand Weapons
 m - a +1 dagger of venom
 q - a +3 quarterstaff of chaos (weapon)
Armour
 a - a +0 robe (worn)
 u - a +0 cloak (worn)
Jewellery
 l - a ring of magical power (left hand)
 w - a ring of fire (right hand)
 y - an uncursed ring of positive energy
Wands
 x - a wand of confusion (9/48)
 A - a wand of enslavement (4/24)
 D - a wand of random effects (40/48)
Scrolls
 d - 4 scrolls of identify {unknown}
 f - a scroll of magic mapping {unknown}
 g - a scroll of enchant armour {unknown}
 i - 4 scrolls of remove curse {unknown}
 k - a scroll of random uselessness {unknown}
 n - a scroll of recharging {unknown}
 r - a scroll of blinking {unknown}
 s - 2 scrolls of teleportation {unknown}
 C - a scroll of fear {unknown}
Potions
 e - a potion of heal wounds {unknown}
 h - a potion of haste {unknown}
 j - a potion of agility {unknown}
 o - a potion of berserk rage {unknown}
 z - 2 potions of ambrosia {unknown}
 B - a potion of flight {unknown}
Books
 b - a book of Flames

   Spells                             Type                      Level
   a - Flame Tongue                   Conjuration/Fire             1
   b - Throw Flame                    Conjuration/Fire             2
   c - Conjure Flame                  Conjuration/Fire             3
   d - Inner Flame                    Hexes/Fire                   3
   e - Sticky Flame                   Conjuration/Fire             4
   f - Fireball                       Conjuration/Fire             5
 t - a book of Changes

   Spells                             Type                      Level
   a - Beastly Appendage              Transmutation                1
   b - Sticks to Snakes               Transmutation                2
   c - Spider Form                    Transmutation/Poison         3
   d - Ice Form                       Ice/Transmutation            4
   e - Blade Hands                    Transmutation                5
 F - a book of Callings

   Spells                             Type                      Level
   a - Summon Small Mammal            Summoning                    1
   b - Call Imp                       Summoning                    2
   c - Call Canine Familiar           Summoning                    3
   d - Summon Guardian Golem          Hexes/Summoning              3
   e - Summon Lightning Spire         Summoning/Air                4
   f - Summon Ice Beast               Ice/Summoning                4
Comestibles
 c - 4 bread rations
 p - 6 fruits
 v - 3 meat rations
 E - 3 chunks of flesh


   Skills:
 - Level 2.4 Dodging
 - Level 2.4 Stealth
 + Level 6.3 Spellcasting
 * Level 6.7 Conjurations
 + Level 5.6 Fire Magic


You had 5 spell levels left.
You knew the following spells:

 Your Spells              Type           Power        Failure   Level  Hunger
a - Flame Tongue          Conj/Fire      #####        1%          1    None
b - Conjure Flame         Conj/Fire      ######..     1%          3    #......
c - Sticky Flame          Conj/Fire      ######..     7%          4    ###....
d - Fireball              Conj/Fire      ######....   19%         5    #####..


Dungeon Overview and Level Annotations

Branches:
Dungeon (5/15)
 Temple: D:4-7

Altars:
Ashenzari
Elyvilon
Fedhas
Makhleb
Okawaru
Uskayaw
Xom
Zin
The Shining One

Shops:
D:5 *

Annotations:
D:5 Prince Ribbit


Message History

You feel a surge of power!
The flame tongue hits Prince Ribbit.
Prince Ribbit is severely wounded.
Casting: Flame Tongue
Confirm with . or Enter, or press ? or * to list all spells.
Aiming: Flame Tongue
Press: ? - help, Shift-Dir - straight line, f/p - Prince Ribbit
Aim: Prince Ribbit (severely wounded)
You feel a surge of power!
The flame tongue misses Prince Ribbit.
Prince Ribbit barely misses you.
Casting: Flame Tongue
Confirm with . or Enter, or press ? or * to list all spells.
Aiming: Flame Tongue
Press: ? - help, Shift-Dir - straight line, f/p - Prince Ribbit
Aim: Prince Ribbit (severely wounded)
You feel a surge of power!
The flame tongue hits Prince Ribbit.
Prince Ribbit is severely wounded.
Prince Ribbit casts a spell.
Prince Ribbit looks slightly unstable.
Prince Ribbit hits you!
You die...

########## .........###
#####..)..# ###.....#
#.......######
#.#..........#
#.#..<.....#.######
#.###.###.#............
#.....@...##...#.#.#[##
#####F#######..#.......
#......# #..###.#.#.
#......# #..###.#...
#......# ##........##
#.....## ##...###..##
#..... ##.....###.#
###..# ##.......##.#
#.. #.........##.


You could see Prince Ribbit.

Vanquished Creatures
  Sigmund (D:5)
  Edmund (D:4)
  A scorpion (D:4)
  A crimson imp (D:2)
  A bullfrog skeleton (D:5)
  2 jellies (D:5)
  4 orc wizards
  Crazy Yiuf (D:2)
  3 orc priests (D:4)
  An iguana (D:5)
  Natasha (D:2)
  A worker ant (D:4)
  A hound skeleton (D:4)
  An ooze (D:1)
  2 adder skeletons (D:4)
  2 worms
  2 leopard geckos (D:1)
  4 orcs (D:4)
  4 bats
  2 giant cockroaches (D:3)
  3 goblins (D:1)
  4 hobgoblins
  10 jackals
  2 quokkas
  2 ball pythons
  A ball python skeleton (D:5)
  A kobold (D:3)
  7 rats
66 creatures vanquished.

Notes
Turn   | Place    | Note
-------+----------+-------------------------------------------
     0 | D:1      | Deathclocker the Deep Elf Fire Elementalist began the quest for the Orb.
     0 | D:1      | Reached XP level 1. HP: 10/10 MP: 6/6
   104 | D:1      | Reached XP level 2. HP: 15/15 MP: 5/8
   700 | D:2      | Reached XP level 3. HP: 15/19 MP: 10/10
   961 | D:2      | Noticed Natasha
   967 | D:2      | Killed Natasha
  1025 | D:2      | Found a burning altar of Makhleb.
  1049 | D:2      | Reached XP level 4. HP: 13/24 MP: 12/12
  1237 | D:2      | Found a runed door.
  1246 | D:2      | Learned a level 3 spell: Conjure Flame
  1251 | D:2      | Learned a level 4 spell: Sticky Flame
  1252 | D:2      | Noticed Crazy Yiuf
  1258 | D:2      | Killed Crazy Yiuf
  1372 | D:3      | Found a shattered altar of Ashenzari.
  1430 | D:3      | Found a shattered altar of Ashenzari.
  1506 | D:3      | Found a hide-covered altar of Uskayaw.
  1673 | D:3      | Found a faded altar of an unknown god.
  1760 | D:4      | Reached XP level 5. HP: 28/28 MP: 14/14
  1845 | D:4      | Reached skill level 5 in Spellcasting
  1851 | D:4      | Reached XP level 6. HP: 32/32 MP: 15/15
  1988 | D:4      | Learned a level 5 spell: Fireball
  2112 | D:4      | Reached skill level 5 in Conjurations
  2257 | D:4      | Found an iron altar of Okawaru.
  2419 | D:4      | Found a shimmering altar of Xom.
  2421 | D:4      | Found a hazy altar of Hepliaklqana.
  2421 | D:4      | Found a glowing golden altar of the Shining One.
  2423 | D:4      | Found a glowing silver altar of Zin.
  2423 | D:4      | Found a blossoming altar of Fedhas.
  2423 | D:4      | Found a white marble altar of Elyvilon.
  2708 | D:4      | Noticed Edmund
  2739 | D:4      | Killed Edmund
  2739 | D:4      | Reached skill level 5 in Fire Magic
  2739 | D:4      | Reached XP level 7. HP: 36/36 MP: 14/17
  2775 | D:4      | Found a white marble altar of Elyvilon.
  2803 | D:5      | Entered Level 5 of the Dungeon
  2818 | D:5      | Found Ushuem's General Store.
  2871 | D:5      | Found a glowing golden altar of the Shining One.
  2991 | D:5      | Noticed Sigmund
  2999 | D:5      | Killed Sigmund
  3100 | D:5      | Noticed Prince Ribbit
  3110 | D:5      | Slain by Prince Ribbit

Skill      XL: |  1  2  3  4  5  6  7 |
---------------+----------------------+-----
Conjurations   | 2 3 4 5 6 |  6.7
Spellcasting   | 4 5 6 |  6.3
Fire Magic     | 4 5 |  5.6
Dodging        | |  2.4
Stealth        | |  2.4

Action                   |  1- 3 |  4- 6 |  7- 9 || total
-------------------------+-------+-------+-------++-------
Melee: Unarmed           |     1 |       |       ||     1
       Dagger            |    22 |       |       ||    22
 Cast: Flame Tongue      |    35 |    97 |    34 ||   166
       Conjure Flame     |       |     2 |     1 ||     3
  Eat: Chunk             |       |     5 |     2 ||     7
Armor: Robe              |     2 |     5 |     2 ||     9
Dodge: Dodged            |    23 |    12 |     8 ||    43
